 Dungeon Crawl Stone Soup version 0.31.0-9-g3a7656b989 (webtiles) character file.

Game seed: 8542803050549111066

25 DocClef the Shield-Bearer (level 3, -2/35 HPs)
             Began as a Gnoll Fighter on Jan 24, 2024.
             Slain by a gnoll
             ... wielding a +0 halberd
              (9 damage)
             ... on level 2 of the Dungeon.
             The game lasted 00:00:42 (775 turns).

DocClef the Shield-Bearer (Gnoll Fighter)            Turns: 775, Time: 00:00:42

Health: -2/35      AC:  7    Str: 17    XL:     3   Next: 6%
Magic:  3/3        EV:  9    Int:  7    God:
Gold:   21         SH:  5    Dex: 11    Spells: 3/3 levels left

rFire   . . .        a - +0 flail
rCold   . . .        c - +0 buckler
rNeg    . . .        b - +0 scale mail
rPois   .            (no helmet)
rElec   .            (no cloak)
rCorr   .            (no gloves)
SInv    .            (no boots)
Will    .....        (no amulet) Stlth
                     (no ring)
HPRegen 0.25/turn    (no ring)
MPRegen 0.08/turn

%: no passive effects
@: no status effects
A: fangs 1, strong nose, distributed training
a: no special abilities


You were on level 2 of the Dungeon.
You visited 1 branch of the dungeon, and saw 2 of its levels.

You collected 21 gold pieces.

Inventory:

Hand Weapons
 a - a +0 flail (weapon)
Armour
 b - a +0 scale mail (worn)
 c - a +0 buckler (worn)
Jewellery
 g - a ring of fire
Scrolls
 h - a scroll of teleportation {unknown}
 i - a scroll of vulnerability {unknown}
 j - a scroll of blinking {unknown}
Potions
 d - a potion of might
 e - a potion of heal wounds {unknown}
 f - a potion of lignification {unknown}
 k - 2 potions of ambrosia {unknown}


   Skills:
 + Level 6.5 Fighting
 + Level 0.6 Short Blades
 + Level 0.6 Long Blades
 + Level 0.6 Axes
 + Level 4.5 Maces & Flails
 + Level 0.6 Polearms
 + Level 0.6 Staves
 + Level 0.6 Ranged Weapons
 + Level 0.6 Throwing
 + Level 6.5 Armour
 + Level 0.6 Dodging
 + Level 0.6 Stealth
 + Level 6.5 Shields
 + Level 0.6 Unarmed Combat
 + Level 0.6 Spellcasting
 + Level 0.4 Conjurations
 + Level 0.4 Hexes
 + Level 0.4 Summonings
 + Level 0.4 Necromancy
 + Level 0.4 Translocations
 + Level 0.4 Fire Magic
 + Level 0.4 Ice Magic
 + Level 0.4 Air Magic
 + Level 0.4 Earth Magic
 + Level 0.4 Alchemy
 + Level 0.8 Invocations
 + Level 0.6 Evocations
 + Level 0.5 Shapeshifting


You had 3 spell levels left.
You didn't know any spells.
Your spell library contained the following spells:

 Spells                   Type           Power      Damage    Failure   Level
 Apportation              Tloc           0%         N/A       80%         1
 Necrotise                Necr           0%         1d4       80%         1
 Sting                    Conj/Alch      0%         1d3       80%         1
 Summon Small Mammal      Summ           0%         N/A       80%         1


Dungeon Overview and Level Annotations

Branches:
Dungeon (2/15)

Altars:


Innate Abilities, Weirdness & Mutations

You have very sharp teeth.
Your uncanny sense of smell can sniff out nearby items.
Your experience applies equally to all skills.


Message History

No target in view!
No target in view!
No target in view!
No target in view!
No target in view!
No target in view!
No target in view!
No target in view!
No target in view!
No target in view!
No target in view!
A gnoll comes into view.
It is wielding a +0 halberd and quivering a throwing net.
A gnoll is nearby!
A gnoll is nearby!
A gnoll is nearby!
The gnoll throws a throwing net.
The throwing net hits you.
You become entangled in the net!
Things that are here:
a throwing net; a scroll labelled ABE WABUZXI You are held in a net!
You are held in a net!
You are held in a net!
You struggle against the net.
You struggle against the net.
The gnoll hits you from afar with a +0 halberd.
You struggle against the net.
The gnoll hits you from afar with a +0 halberd!
You struggle against the net.
The gnoll barely misses you.
You struggle against the net.
The gnoll barely misses you.
You rip the net and break free!
The gnoll hits you from afar with a +0 halberd!
The gnoll hits you with a +0 halberd!
* * * LOW HITPOINT WARNING * * *
You hit the gnoll.
The gnoll is moderately wounded.
The gnoll closely misses you.
You hit the gnoll.
The gnoll is severely wounded.
The gnoll hits you with a +0 halberd!
You die...

###..............##..
..#..............#..#
#.#................#
#.#†..............# ∆
..................#
####.............#
#.............##
#..............##
#...........?@g.#
#.............#...#
..........########
#.... .########.# ###
..# ####


You could see a gnoll.

Vanquished Creatures
  A dart slug (D:1)
  4 ball pythons
  3 bats (D:1)
  2 endoplasms (D:1)
  A hobgoblin (D:1)
  3 kobolds (D:1)
  A frilled lizard (D:2)
  4 goblins (D:1)
  A rat (D:2)
20 creatures vanquished.

Notes
Turn   | Place    | Note
-------+----------+-------------------------------------------
     0 | D:1      | DocClef the Gnoll Fighter began the quest for the Orb.
     0 | D:1      | Reached XP level 1. HP: 23/23 MP: 1/1
   115 | D:1      | Reached XP level 2. HP: 27/29 MP: 2/2
   306 | D:1      | Found a faded altar of an unknown god.
   462 | D:1      | Reached XP level 3. HP: 31/35 MP: 3/3
   775 | D:2      | Slain by a gnoll

Illustrated notes

Levels and vault maps discovered:
D:1:      matt_arrival_los_fun, layout_rooms,
          shapermc_ecumenical_altar_mp_highgroup
D:2:      layout_basic, basic_altar, minmay_heptomino_w4

Action                     || total
---------------------------++-------
  Melee: Flail             ||    62
         Bite              ||     9
 Armour: Scale mail        ||    44
  Dodge: Dodged            ||    26
  Block: Buckler           ||    21
